AoeStats
← Nero Cláudio

Arabia

507386346Analyzed
1v1 RM · 15d ago on Sep 18, 2026· 23m 40s· 2 players
Game mode
Random Map
Map size
Tiny (2 player)
Population
200
Speed
Normal
Resources
Standard
Victory
Conquest
Starting age
Dark Age
Ending age
Imperial Age
RankedLock teamsTeams togetherTeam positionsShared explorationLock speedFull tech treeHidden civsTurbo modeCheats
Victory
Defeat
🇺🇸 Spanish · United States
983
+17
🇧🇷 Romans · Brazil
1000
-51
Microsoft_edger
10:49 Feudal Age
13:58 Double-Bit Axe
16:23 Loom
21:28 Castle Age
20:14 Horse Collar
23:35 Bow Saw
23:28 Heavy Plow
Nero Cláudio
11:44 Feudal Age
12:33 Double-Bit Axe
13:25 Man-at-Arms
23:27 Horse Collar
Connection lost

Rejoining the realm…

Still unreachable

The connection could not be restored.

Session expired

The server has moved on; the page needs a fresh start.